montu, chaotic male human Wizard ----- --------- |<..---- ------.......-- ------- --------------- |......--|.........--..| |.....| ------- |.............| --..|....|..--------|..| |.(_..| |>....| --+---.--.----|| ---|.........| ---- |.[...| --- --....|--- |..|...|-.|.-..| ----.|...)|--- ----- ---|--- +.-- ---..|..---|..|--+-..--|..| -----..|..----...-- |.| |..| ---.-.....-|--........--|| ------ |..|....|.....---- |@| |.------......|.................| |%(%.| --...............---a-- --.-..||.......--..--------|--..-- |.%).| |....[.---...........----- |..|..||...{....|--|.........|..-- ---)--------....-------..........--|..|..||-.......| |?)[((!=?!|...| ------.---...-|...-|..| --...-.......--.|---|...|....|-------------...| |..|-.........|..--|..| --.....---...|.--..|..---...-|.(((| |.......-- |..-...........[...-.---+-----..---....|..........|-...-.!((| |.------- -----.....{....----...............|..........---...|...-|.(((| |.|...| |..............-- |-.--.---------.....`...--..|........|------ |.|...|----- -+-----.........| |)..|.|.((.| --.......-----|...|....|-..-----.--|-|....| --..------- |...|.-.((%| ---...--- --..|...--.....--......-..-|| ---- ------|.%((| ----- -----.....---......{..|..|(| ------ ------- ---------------- montu the Wizard Experience level: 8 Strength: 14 Dexterity: 12 Constitution: 11 Intelligence: 19 Wisdom: 15 Charisma: 9 Health: 0(58) Energy: 94(104) Def: 1 Gold: 196 Moves: 6125 Dungeon seed [set]: Game ID: montu_1703795296 Your Inventory: Coins $ - 196 gold pieces Weapons C - a blessed +5 orcish dagger named Dagger of Serenity (weapon in hand) J - 13 uncursed +0 daggers (in quiver) Armor e - an uncursed +0 cloak of magic resistance (being worn) Comestibles j - 2 uncursed melons G - 4 uncursed food rations Scrolls W - an uncursed scroll of charging Z - a cursed scroll of enchant weapon Potions L - a blessed potion of speed Rings B - an uncursed ring of regeneration D - a cursed ring of shock resistance X - a cursed ring of poison resistance Y - a blessed +1 ring of increase damage Wands h - an uncursed wand of fire (0:5) I - an uncursed wand of digging (0:7) Tools b - an uncursed sack F - an uncursed towel U - an uncursed magic whistle V - an uncursed tin opener Gems i - an uncursed touchstone Contents of the sack: a blessed +1 quarterstaff an uncursed scroll of create monster an uncursed scroll of destroy armor a blessed scroll of gold detection an uncursed potion of gain ability 2 uncursed potions of gain energy a cursed potion of gain energy an uncursed potion of hallucination an uncursed potion of paralysis a cursed potion of sight an uncursed bronze key an uncursed credit card an uncursed lock pick a [uncursed] silver key an uncursed opal an uncursed ruby an uncursed sapphire 2 uncursed worthless pieces of black glass an uncursed worthless piece of green glass an uncursed worthless piece of orange glass an uncursed worthless piece of red glass 4 uncursed worthless pieces of violet glass Spells and supernatural/magical abilities: Name Level Category Fail Memory a - force bolt 1 attack 0% 70% b - detect monsters 1 divination 0% 70% c - confuse monster 2 enchantment 0% 95% d - magic missile 2 attack 0% 95% k - knock 1 matter 0% 70% W - pray for help -- divine ? -- Your skills at the end: Miscellaneous Skills wands [Basic] stealth [Skilled] Weapon Skills dagger [Basic] quarterstaff [Basic] Spellcasting Skills attack spells [Skilled] enchantment spells [Basic] Final Attributes: You were piously aligned. You were sleep resistant. You were poison resistant. You were magic-protected. Your writing hand was thoroughly cramped from overuse. You were stealthy. You were lucky. You are dead. Vanquished creatures: a giant mimic 2 large mimics a small mimic a dwarf king 3 wolves a panther 2 quivering blobs a giant spider a gnome king 2 orc mummies a dust vortex a rope golem a fire ant a rock piercer a fog cloud a shrieker 7 gnome lords 2 gnomish wizards a kobold mummy a ghoul 2 floating eyes 10 dwarves a kobold shaman an iguana a jitterbug 6 killer bees a gas spore 4 hobbits a large kobold a gecko a hobgoblin 2 cave spiders a brown mold a yellow mold a green mold 31 gnomes a jackal 7 newts 4 goblins 5 sewer rats 6 grid bugs 5 lichens a kobold zombie 126 creatures vanquished. Voluntary challenges: You did not cause conflict. You were not invisible. You did not have reflection. You were not displaced. You did not donate to any temples.. You used a wielded weapon 163 times, starting on turn 22. You did not apply a unicorn horn. You did not use plumbed fixtures. You read items or engraved 13 times, starting on turn 104. You never genocided any monsters. You never polymorphed an object. You never changed form. You used no wishes. You did not use any artifacts. You never split a pudding. You wrote Elbereth's name 7 times, starting on turn 771. You never violated your personal moral code. Dungeon overview: The Dungeons of Doom: levels 1 to 4 Level 1 a long staircase Level 2 a general store Level 3 a vault, a music store, an altar to Ptah, a fountain, a bench Level 4 a vault, a potion shop, a fountain stairs to The Gnomish Mines The Gnomish Mines: levels 5 to 8 Level 5 stairs to The Dungeons of Doom Level 6 Level 7 Level 8 <- You were here many shops, a temple to Thoth, a magic chest, some fountains History has recorded: On T:1 you entered the Dungeons of Doom to retrieve the Amulet of Yendor! On T:509 you reached level 2 of The Dungeons of Doom. On T:768 you prayed to Anhur. On T:807 you advanced to experience level 2. On T:855 you advanced to experience level 3. On T:1100 you reached level 3 of The Dungeons of Doom. On T:1262 you advanced to experience level 4. On T:1658 you reached level 4 of The Dungeons of Doom. On T:2239 you reached level 1 of The Gnomish Mines. On T:2263 you advanced to experience level 5. On T:2654 you reached level 2 of The Gnomish Mines. On T:2778 you advanced to experience level 6. On T:3754 you reached level 3 of The Gnomish Mines. On T:3820 you advanced to experience level 7. On T:4446 you reached level 4 of The Gnomish Mines. On T:4803 you prayed to Anhur. On T:4983 you entered the Minetown temple On T:5006 you opened a magic chest. On T:5531 you advanced to experience level 8. On T:6125 you prayed to Anhur. Score breakdown: Gold: 196 ( 19 points) Experience: 8 levels ( 700 points) Exploration: 8 levels ( 210 points) Discoveries: 40 items ( 2000 points) Variety of kills: 43 monsters ( 2000 points) Major goal: reached Minetown ( 500 points) Survival: died (score multiplied by 3) Total score: 16287 Latest messages: The magic missile bounces! The panther claws you! (2x) The panther bites! The panther claws you! (2x) The panther bites! You kill the panther! The magic missile hits you! The missiles bounce off! You see here a panther corpse. The fire ant bites! (4x) This panther corpse tastes terrible! You stop eating. The fire ant bites! (2x) You're on fire! The fire ant bites! (2x) You're on fire! You begin praying to Anhur. The fire ant bites! You die... Final status: Goodbye montu the Wizard, killed by a fire ant, while praying... You died in The Gnomish Mines on dungeon level 8 with 16287 points, and 196 pieces of gold, after 6125 moves. You were level 8 with a maximum of 58 hit points when you died.